 Dungeon Crawl Stone Soup version 0.24-a0-235-g3f03afc (webtiles) character file.

Game seed: 4000878703894692819

82 Alphaeus the Ducker (level 4, -7/23 HPs)
             Began as a Spriggan Berserker on Apr 8, 2019.
             Was a Believer of Trog.
             Killed from afar by Natasha (8 damage)
             ... with a magic dart
             ... on level 2 of the Dungeon.
             The game lasted 00:01:33 (1509 turns).

Alphaeus the Ducker (Spriggan Berserker)            Turns: 1509, Time: 00:01:33

Health: -7/23      AC:  2    Str: 13 (14) XL:     4   Next: 21%
Magic:  5/5        EV: 19    Int:  7 (8)  God:    Trog [**....]
Gold:   162        SH:  0    Dex: 12 (15) Spells: 3/3 levels left

rFire    . . .     SeeInvis +   a - +0 falchion
rCold    . . .     Gourm    .   (shield restricted)
rNeg     . . .     Faith    .   b - +0 animal skin
rPois    .         Spirit   .   (helmet restricted)
rElec    .         Reflect  .   (no cloak)
rCorr    .         Harm     .   (gloves unavailable)
MR       .....                  (boots unavailable)
Stlth    ++........             (no amulet)
HPRegen  0.07/turn              (no ring)
MPRegen  0.09/turn              (no ring)

@: very quick
A: very small, unfitting armour, see invisible, herbivore, speed 3, slow
metabolism 2
a: Berserk, Trog's Hand, Renounce Religion


You were on level 2 of the Dungeon.
You worshipped Trog.
Trog was pleased with you.
You were not hungry.

You visited 1 branch of the dungeon, and saw 2 of its levels.

You collected 162 gold pieces.

Inventory:

Hand Weapons
 a - a +0 falchion (weapon)
 d - a +0 hunting sling
Missiles
 g - 22 stones (quivered)
 i - 14 sling bullets
Armour
 b - a +0 animal skin (worn)
Jewellery
 k - an uncursed amulet of the gourmand {unknown}
Scrolls
 f - a scroll of remove curse {unknown}
 j - a scroll of teleportation {unknown}
 l - a scroll of amnesia {unknown}
 m - a scroll of fear {unknown}
 o - a scroll of noise {unknown}
Potions
 e - 3 potions of haste
 h - a potion of flight
Comestibles
 c - 3 rations


   Skills:
 + Level 2.6 Fighting
 * Level 3.0 Long Blades
 + Level 1.0 Slings
 + Level 0.8 Armour
 * Level 5.4 Dodging
 + Level 1.8 Stealth


You had 3 spell levels left.
You didn't know any spells.
Your spell library was empty.

Dungeon Overview and Level Annotations

Branches:
Dungeon (2/15)

Altars:

Annotations:
D:2 Natasha


Innate Abilities, Weirdness & Mutations

You are very small and have problems with some larger weapons.
You are too small for most types of armour.
You have supernaturally acute eyesight. (SInv)
You are a herbivore.
You cover ground extremely quickly.
You need to consume almost no food.


Message History

Natasha is heavily wounded.
It was a potion of degeneration.
There was something very wrong with that liquid.
You feel weakened.
You feel dopey.
You feel clumsy. Natasha misses you.
You riposte.
You hit Natasha but do no damage.
Natasha is heavily wounded.
You completely miss Natasha.
Natasha is heavily wounded.
Natasha barely misses you.
You riposte.
You miss Natasha.
Natasha is heavily wounded.
You miss Natasha.
Natasha is heavily wounded.
Natasha misses you.
You riposte.
You barely miss Natasha.
Natasha is heavily wounded.
You hit Natasha but do no damage.
Natasha is heavily wounded.
Natasha hisses.
Natasha casts a spell at you. The magic dart hits you!
You die...

.....# .....## .......
.#### #.#.... ......
#.###.. ...... #.# ..
......# #.#
.......####### #
...!..h...?..# ..
#..@†....# .# #
......##.##..# #.#
#.##.##.#...#..# #.#
#.#...#........#
#.######...........#.)#
#.#......#...†.#..##.$#
#..<.....##..#........#
#...............#..##.#
..........##..#.....#.#


You could see Natasha.

Vanquished Creatures
  Natasha (D:2)
  2 adders (D:2)
  An ooze (D:1)
  A dart slug (D:2)
  A leopard gecko (D:2)
  2 bats
  A giant cockroach (D:1)
  6 goblins
  3 hobgoblins
  3 jackals (D:1)
  A quokka (D:2)
  A frilled lizard (D:1)
  3 kobolds (D:1)
  4 rats
30 creatures vanquished.

Notes
Turn   | Place    | Note
-------+----------+-------------------------------------------
     0 | D:1      | Alphaeus the Spriggan Berserker began the quest for the
                  | Orb.
     0 | D:1      | Reached XP level 1. HP: 11/11 MP: 2/2
     6 | D:1      | Noticed a black bear
     6 | D:1      | Noticed a swamp drake
     6 | D:1      | Noticed a black mamba
     7 | D:1      | Noticed a lindwurm
   208 | D:1      | Reached XP level 2. HP: 12/16 MP: 3/3
   230 | D:1      | Reached skill level 1 in Stealth
   840 | D:1      | Reached skill level 5 in Dodging
  1016 | D:2      | Reached XP level 3. HP: 19/19 MP: 4/4
  1038 | D:2      | Reached ** piety under Trog
  1198 | D:2      | Noticed Natasha
  1206 | D:2      | Killed Natasha
  1206 | D:2      | Reached skill level 1 in Slings
  1206 | D:2      | Reached XP level 4. HP: 11/23 MP: 5/5
  1496 | D:2      | Noticed Natasha
  1504 | D:2      | HP: 1/23 [Natasha/magic dart (7)]
  1509 | D:2      | Killed from afar by Natasha

Levels and vault maps discovered:
D:1:      onia_arrival_zoo_common, layout_basic
D:2:      layout_rooms, minitemple, first_ration, minmay_misc_feat_hallway,
          hangedman_decor_clover_reticule, minmay_misc_feat_tower, uniq_natasha

Skill      XL: |  1  2  3 |
---------------+----------+-----
Stealth        | 1 |  1.8
Dodging        | 5 |  5.4
Long Blades    | 3 |  3.0
Slings         | 1 |  1.0
Fighting       | |  2.6
Armour         | |  0.8

Action                   |  1- 3 |  4- 6 || total
-------------------------+-------+-------++-------
Melee: Falchion          |    72 |    20 ||    92
Invok: Trog's Hand       |     1 |       ||     1
  Use: Potion            |     2 |     1 ||     3
 Stab: Sleeping          |     1 |     1 ||     2
Armor: Animal skin       |     3 |     1 ||     4
Dodge: Dodged            |    92 |    14 ||   106
       Rpst.: Falchion   |    31 |     6 ||    37

Table legend:
 A = Non-vault XP
 B = Vault XP
 C = Vault XP percentage of total XP
 D = Non-vault monster count
 E = Vault monster count
 F = Vault count percentage of total count
                 A         B        C        D         E       F
            +---------+---------+-------+---------+---------+-------
      Total |      83 |      35 |  29.7 |      29 |       1 |   3.3
            +---------+---------+-------+---------+---------+-------
        D:1 |      38 |       0 |   0.0 |      19 |       0 |   0.0
        D:2 |      45 |      35 |  43.8 |      10 |       1 |   9.1
            +---------+---------+-------+---------+---------+-------
